[ AOE2 MATCH · #467101894 ]
Team RMSaracens vs Persians
[ REPLAY ANALYSIS · EXTRACTED FROM THE RECORDED GAME ]
Feudal
12:11
Castle
16:53
Imperial
33:05
| APM avg | 28.9 |
| APM peak | 57 |
| eAPM avg | 16.4 |
| Villagers / military | 144 / 189 |
Focus
⚔️ 26.5% · 🌾 73.5%
Scout Cavalry ×99 · Mameluke ×87 · Fishing Ship ×5 · Bombard Cannon ×3
Feudal
12:12
Castle
15:41
Imperial
33:16
| APM avg | 15.4 |
| APM peak | 37 |
| eAPM avg | 12.7 |
| Villagers / military | 132 / 209 |
Focus
⚔️ 24.4% · 🌾 75.6%
Knight ×204 · Fishing Ship ×8 · Trebuchet (Packed) ×3 · Monk ×1 · Petard ×1
Feudal
—
Castle
—
Imperial
—
| APM avg | 17.8 |
| APM peak | 51 |
| eAPM avg | 12.2 |
| Villagers / military | 33 / 103 |
Focus
⚔️ 44.7% · 🌾 55.3%
Skirmisher ×76 · Unknown (1949) ×34 · Fishing Ship ×33 · Spearman ×27 · Unknown (1952) ×25
Feudal
—
Castle
—
Imperial
—
| APM avg | 24.4 |
| APM peak | 72 |
| eAPM avg | 10.0 |
| Villagers / military | 83 / 44 |
Focus
⚔️ 30.8% · 🌾 69.2%
Archer ×22 · Rattan Archer ×14 · Spearman ×2 · Fire Lancer ×2 · Monk ×1 · Trebuchet (Packed) ×1
Feudal
15:52
Castle
21:21
Imperial
38:36
| APM avg | 17.4 |
| APM peak | 45 |
| eAPM avg | 9.0 |
| Villagers / military | 77 / 99 |
Focus
⚔️ 29.8% · 🌾 70.2%
Skirmisher ×39 · Scout Cavalry ×35 · Ghulam ×14 · Fishing Ship ×13 · Monk ×7 · Armored Elephant ×2
Feudal
13:32
Castle
18:18
Imperial
34:43
| APM avg | 35.2 |
| APM peak | 73 |
| eAPM avg | 20.4 |
| Villagers / military | 174 / 147 |
Focus
⚔️ 22.5% · 🌾 77.5%
Conquistador ×140 · Trebuchet (Packed) ×4 · Monk ×3
Feudal
12:16
Castle
17:23
Imperial
37:49
| APM avg | 18.9 |
| APM peak | 42 |
| eAPM avg | 11.8 |
| Villagers / military | 102 / 152 |
Focus
⚔️ 28.9% · 🌾 71.1%
Skirmisher ×72 · Scout Cavalry ×55 · Mangonel ×5 · Bombard Cannon ×5 · Monk ×4 · Battle Elephant ×4
Feudal
13:54
Castle
19:18
Imperial
41:32
| APM avg | 17.8 |
| APM peak | 38 |
| eAPM avg | 12.2 |
| Villagers / military | 105 / 109 |
Focus
⚔️ 32.1% · 🌾 67.9%
Mangudai ×60 · Scout Cavalry ×19 · Steppe Lancer ×13 · Fishing Ship ×8 · Battering Ram ×6 · Camel Scout ×5
Match map
Initial resources + every placement click. Lines = walls · curves = elevation contours. ◆ gold · ⬟ stone · ● berries · ✦ relic · ◌ wall gap
Your base· Open — unwalled flank
Lxgacy[FR]'s base· Open — unwalled flank
xNFTxLethalZGT's base· Open — unwalled flank
tikymax's base· Open — unwalled flank
PilotePSP's base· Open — unwalled flank
给爷爷挠痒呢?'s base· Open — unwalled flank
contact's base· Open — unwalled flank
LeeFvn's base· Open — unwalled flank
Smoothed initial terrain · ◌ = detected wall gap · hover for details
Inputs per minute
— cuffneyj - - Lxgacy[FR]
Build order — cuffneyj
First 150 of 422 actions detected
| 0:02 | Build | House |
| 0:04 | Build | House |
| 0:05 | Create | Villager (Male) |
| 0:05 | Create | Villager (Male) |
| 0:05 | Create | Villager (Male) |
| 0:27 | Create | Villager (Male) |
| 1:46 | Create | Villager (Male) |
| 1:51 | Build | Lumber Camp |
| 2:04 | Create | Villager (Male) |
| 2:24 | Create | Villager (Male) |
| 2:24 | Create | Villager (Male) |
| 2:55 | Create | Villager (Male) |
| 3:02 | Build | House |
| 3:05 | Build | House |
| 3:34 | Create | Villager (Male) |
| 3:56 | Create | Villager (Male) |
| 3:57 | Create | Villager (Male) |
| 4:42 | Create | Villager (Male) |
| 4:42 | Create | Villager (Male) |
| 4:43 | Create | Villager (Male) |
| 5:17 | Create | Villager (Male) |
| 5:17 | Create | Villager (Male) |
| 5:29 | Build | Mill |
| 5:45 | Create | Villager (Male) |
| 6:17 | Create | Villager (Male) |
| 6:18 | Create | Villager (Male) |
| 6:18 | Create | Villager (Male) |
| 7:03 | Build | Dock |
| 7:28 | Create | Villager (Male) |
| 7:28 | Create | Villager (Male) |
| 7:29 | Create | Villager (Male) |
| 7:38 | Create | Villager (Male) |
| 7:38 | Create | Villager (Male) |
| 8:01 | Build | House |
| 8:03 | Build | House |
| 8:08 | Create | Villager (Male) |
| 8:33 | Create | Fishing Ship |
| 8:57 | Build | Mining Camp |
| 9:36 | Create | Fishing Ship |
| 10:01 | Research | Feudal Age |
| 10:10 | Create | Fishing Ship |
| 10:24 | Create | Fishing Ship |
| 10:32 | Build | House |
| 10:41 | Build | Palisade Wall |
| 11:06 | Build | Mill |
| 11:37 | Create | Villager (Male) |
| 11:37 | Create | Villager (Male) |
| 11:54 | Create | Fishing Ship |
| 12:11 | Age | Feudal Age |
| 12:26 | Build | Blacksmith |
| 12:44 | Build | Market |
| 12:50 | Create | Villager (Male) |
| 13:34 | Create | Villager (Male) |
| 14:13 | Research | Castle Age |
| 14:15 | Research | Loom |
| 14:29 | Build | Barracks |
| 14:53 | Build | Mining Camp |
| 15:36 | Research | Double-Bit Axe |
| 15:44 | Research | Horse Collar |
| 16:14 | Build | House |
| 16:32 | Build | Stone Wall |
| 16:41 | Build | Mining Camp |
| 16:53 | Age | Castle Age |
| 16:58 | Create | Villager (Male) |
| 17:13 | Build | Town Center |
| 17:18 | Create | Villager (Male) |
| 17:19 | Create | Villager (Male) |
| 17:32 | Create | Villager (Male) |
| 17:32 | Create | Villager (Male) |
| 17:38 | Research | Wheelbarrow |
| 17:49 | Create | Villager (Male) |
| 18:06 | Create | Villager (Male) |
| 18:06 | Create | Villager (Male) |
| 18:29 | Create | Villager (Male) |
| 18:38 | Build | Town Center |
| 18:51 | Create | Villager (Male) |
| 18:57 | Build | Farm |
| 19:05 | Build | Farm |
| 19:13 | Build | Farm |
| 19:22 | Create | Villager (Male) |
| 19:36 | Build | Farm |
| 19:39 | Build | Farm |
| 19:45 | Build | Farm |
| 19:55 | Build | House |
| 19:56 | Build | House |
| 19:58 | Build | House |
| 20:01 | Build | House |
| 20:04 | Create | Villager (Male) |
| 20:16 | Create | Villager (Male) |
| 20:27 | Build | Farm |
| 20:29 | Build | Farm |
| 20:32 | Build | Farm |
| 20:38 | Create | Villager (Male) |
| 20:47 | Create | Villager (Male) |
| 21:01 | Build | Farm |
| 21:01 | Build | Farm |
| 21:02 | Build | Farm |
| 21:03 | Build | Farm |
| 21:11 | Create | Villager (Male) |
| 21:15 | Create | Villager (Male) |
| 21:35 | Create | Villager (Male) |
| 21:55 | Build | Mill |
| 21:56 | Build | Farm |
| 21:56 | Build | Farm |
| 21:57 | Build | Farm |
| 21:57 | Build | Farm |
| 21:59 | Build | Farm |
| 21:59 | Build | Farm |
| 22:02 | Create | Villager (Male) |
| 22:03 | Create | Villager (Male) |
| 22:03 | Create | Villager (Male) |
| 22:09 | Create | Villager (Male) |
| 22:23 | Create | Villager (Male) |
| 22:23 | Create | Villager (Male) |
| 22:38 | Create | Villager (Male) |
| 22:58 | Create | Villager (Male) |
| 22:58 | Create | Villager (Male) |
| 22:58 | Create | Villager (Male) |
| 23:25 | Create | Villager (Male) |
| 23:26 | Create | Villager (Male) |
| 23:26 | Create | Villager (Male) |
| 23:26 | Create | Villager (Male) |
| 23:38 | Create | Villager (Male) |
| 23:38 | Create | Villager (Male) |
| 24:02 | Build | Castle |
| 24:05 | Create | Villager (Male) |
| 24:05 | Create | Villager (Male) |
| 24:05 | Create | Villager (Male) |
| 24:06 | Create | Villager (Male) |
| 24:18 | Build | Mill |
| 24:19 | Build | Farm |
| 24:19 | Build | Farm |
| 24:22 | Create | Villager (Male) |
| 24:22 | Create | Villager (Male) |
| 24:36 | Build | Mill |
| 24:37 | Build | Farm |
| 24:37 | Build | Farm |
| 24:37 | Build | Farm |
| 24:38 | Build | Farm |
| 24:38 | Build | Farm |
| 24:44 | Build | Farm |
| 24:46 | Create | Villager (Male) |
| 24:46 | Create | Villager (Male) |
| 24:47 | Create | Villager (Male) |
| 24:54 | Build | Farm |
| 24:58 | Build | Farm |
| 25:04 | Create | Villager (Male) |
| 25:04 | Create | Villager (Male) |
| 25:12 | Build | Farm |
| 25:20 | Build | House |
Build order — Lxgacy[FR]
First 150 of 378 actions detected
| 0:02 | Create | Villager (Male) |
| 0:02 | Create | Villager (Male) |
| 0:02 | Create | Villager (Male) |
| 0:02 | Create | Villager (Male) |
| 0:03 | Create | Villager (Male) |
| 0:03 | Create | Villager (Male) |
| 0:05 | Build | House |
| 0:06 | Build | House |
| 1:24 | Create | Villager (Male) |
| 2:07 | Build | Lumber Camp |
| 2:34 | Create | Villager (Male) |
| 2:34 | Create | Villager (Male) |
| 2:34 | Create | Villager (Male) |
| 2:40 | Build | House |
| 3:02 | Create | Villager (Male) |
| 3:02 | Create | Villager (Male) |
| 3:31 | Create | Villager (Male) |
| 3:31 | Create | Villager (Male) |
| 3:56 | Create | Villager (Male) |
| 3:56 | Create | Villager (Male) |
| 4:26 | Build | Dock |
| 4:29 | Build | House |
| 4:34 | Create | Villager (Male) |
| 5:10 | Build | Mill |
| 5:17 | Create | Villager (Male) |
| 5:30 | Create | Villager (Male) |
| 5:31 | Create | Villager (Male) |
| 6:00 | Create | Fishing Ship |
| 6:01 | Create | Villager (Male) |
| 6:15 | Create | Villager (Male) |
| 6:36 | Build | House |
| 6:38 | Build | House |
| 6:55 | Create | Villager (Male) |
| 7:14 | Create | Fishing Ship |
| 7:27 | Build | Farm |
| 7:59 | Create | Villager (Male) |
| 7:59 | Create | Villager (Male) |
| 8:06 | Build | Mining Camp |
| 8:13 | Create | Villager (Male) |
| 8:33 | Create | Fishing Ship |
| 8:33 | Create | Fishing Ship |
| 8:39 | Build | House |
| 9:01 | Create | Villager (Male) |
| 9:12 | Build | Farm |
| 9:15 | Build | Farm |
| 9:20 | Research | Loom |
| 9:28 | Create | Fishing Ship |
| 9:55 | Build | Farm |
| 9:56 | Build | Farm |
| 10:00 | Build | Farm |
| 10:03 | Create | Villager (Male) |
| 10:09 | Research | Feudal Age |
| 10:16 | Create | Fishing Ship |
| 10:16 | Create | Fishing Ship |
| 10:32 | Build | Farm |
| 11:09 | Create | Fishing Ship |
| 11:30 | Build | Farm |
| 11:33 | Build | Farm |
| 11:53 | Build | Farm |
| 12:12 | Age | Feudal Age |
| 12:17 | Build | Market |
| 12:24 | Create | Villager (Male) |
| 12:24 | Create | Villager (Male) |
| 12:33 | Build | Blacksmith |
| 12:58 | Build | Mining Camp |
| 13:09 | Create | Villager (Male) |
| 13:15 | Research | Castle Age |
| 13:16 | Research | Castle Age |
| 13:25 | Build | Farm |
| 13:30 | Build | Farm |
| 13:32 | Build | Farm |
| 14:04 | Build | Farm |
| 14:19 | Research | Double-Bit Axe |
| 14:23 | Research | Horse Collar |
| 15:07 | Build | Palisade Wall |
| 15:28 | Create | Villager (Male) |
| 15:28 | Create | Villager (Male) |
| 15:41 | Age | Castle Age |
| 16:03 | Build | Town Center |
| 16:13 | Create | Villager (Male) |
| 16:14 | Create | Villager (Male) |
| 16:16 | Create | Villager (Male) |
| 16:46 | Build | Barracks |
| 16:52 | Build | House |
| 16:58 | Build | House |
| 16:59 | Build | House |
| 17:09 | Create | Villager (Male) |
| 17:10 | Create | Villager (Male) |
| 17:30 | Build | Stable |
| 17:36 | Build | Farm |
| 17:59 | Create | Villager (Male) |
| 17:59 | Create | Villager (Male) |
| 18:02 | Create | Villager (Male) |
| 18:02 | Create | Villager (Male) |
| 18:42 | Create | Villager (Male) |
| 18:43 | Create | Villager (Male) |
| 18:46 | Build | Farm |
| 19:02 | Build | Castle |
| 19:07 | Create | Villager (Male) |
| 19:08 | Create | Villager (Male) |
| 19:09 | Create | Villager (Male) |
| 19:09 | Create | Villager (Male) |
| 19:11 | Create | Villager (Male) |
| 19:12 | Create | Villager (Male) |
| 19:15 | Create | Knight |
| 19:15 | Create | Knight |
| 19:18 | Research | Scale Barding Armor |
| 19:25 | Research | Heavy Plow |
| 19:51 | Build | Stable |
| 19:52 | Build | Stable |
| 20:04 | Create | Villager (Male) |
| 20:05 | Create | Villager (Male) |
| 20:11 | Build | House |
| 20:12 | Build | House |
| 20:14 | Build | House |
| 20:15 | Build | House |
| 20:18 | Build | House |
| 20:32 | Build | Lumber Camp |
| 20:34 | Create | Villager (Male) |
| 20:34 | Create | Villager (Male) |
| 20:35 | Create | Villager (Male) |
| 20:35 | Create | Villager (Male) |
| 20:51 | Create | Knight |
| 21:04 | Create | Villager (Male) |
| 21:41 | Create | Villager (Male) |
| 21:42 | Create | Villager (Male) |
| 21:49 | Research | Bow Saw |
| 21:49 | Research | Bow Saw |
| 21:50 | Research | Bow Saw |
| 22:08 | Create | Villager (Male) |
| 22:08 | Create | Villager (Male) |
| 22:12 | Create | Villager (Male) |
| 22:29 | Build | Town Center |
| 22:35 | Create | Villager (Male) |
| 22:35 | Create | Villager (Male) |
| 22:41 | Create | Villager (Male) |
| 22:54 | Build | Dock |
| 23:19 | Create | Villager (Male) |
| 23:20 | Create | Villager (Male) |
| 23:33 | Build | Farm |
| 23:33 | Build | Farm |
| 23:33 | Build | Farm |
| 23:33 | Build | Farm |
| 23:45 | Build | Farm |
| 23:45 | Build | Farm |
| 23:45 | Build | Farm |
| 23:45 | Build | Farm |
| 23:49 | Create | Villager (Male) |
| 23:49 | Create | Villager (Male) |
| 23:56 | Create | Villager (Male) |
Build order — xNFTxLethalZGT
First 150 of 342 actions detected
| 0:06 | Create | Villager (Male) |
| 0:06 | Create | Villager (Male) |
| 0:06 | Create | Villager (Male) |
| 0:06 | Create | Villager (Male) |
| 0:07 | Create | Villager (Male) |
| 0:09 | Build | House |
| 0:11 | Build | House |
| 0:43 | Build | House |
| 1:46 | Create | Villager (Male) |
| 2:06 | Create | Villager (Male) |
| 2:28 | Create | Villager (Male) |
| 2:53 | Create | Villager (Male) |
| 3:15 | Create | Villager (Male) |
| 3:33 | Create | Villager (Male) |
| 4:07 | Create | Villager (Male) |
| 4:29 | Build | Mill |
| 4:41 | Create | Villager (Male) |
| 4:41 | Create | Villager (Male) |
| 5:09 | Build | Lumber Camp |
| 5:11 | Create | Villager (Male) |
| 5:12 | Create | Villager (Male) |
| 7:16 | Research | Feudal Age |
| 7:16 | Research | Feudal Age |
| 7:32 | Build | House |
| 7:41 | Build | House |
| 9:14 | Create | Villager (Male) |
| 9:14 | Create | Villager (Male) |
| 9:29 | Research | Double-Bit Axe |
| 9:34 | Research | Horse Collar |
| 9:41 | Create | Villager (Male) |
| 9:42 | Create | Villager (Male) |
| 9:42 | Create | Villager (Male) |
| 10:37 | Build | Mining Camp |
| 10:57 | Create | Villager (Male) |
| 10:57 | Create | Villager (Male) |
| 10:57 | Create | Villager (Male) |
| 11:34 | Build | Dock |
| 12:11 | Build | Market |
| 12:16 | Create | Fishing Ship |
| 12:23 | Build | House |
| 12:52 | Create | Fishing Ship |
| 13:04 | Build | Blacksmith |
| 13:13 | Create | Fishing Ship |
| 13:16 | Create | Fishing Ship |
| 13:55 | Create | Fishing Ship |
| 13:57 | Create | Fishing Ship |
| 14:19 | Build | Barracks |
| 15:04 | Build | Mill |
| 15:48 | Research | Castle Age |
| 16:14 | Create | Fishing Ship |
| 16:15 | Create | Fishing Ship |
| 16:15 | Create | Fishing Ship |
| 16:49 | Build | House |
| 16:55 | Build | House |
| 17:18 | Research | Tech 906 |
| 17:23 | Research | Gold Mining |
| 17:42 | Build | House |
| 17:45 | Build | House |
| 17:58 | Create | Fishing Ship |
| 17:59 | Create | Fishing Ship |
| 17:59 | Create | Fishing Ship |
| 18:24 | Research | Padded Archer Armor |
| 18:25 | Research | Fletching |
| 18:39 | Build | University |
| 18:44 | Create | Unit 1952 |
| 18:44 | Create | Unit 1952 |
| 18:45 | Create | Unit 1952 |
| 18:45 | Create | Unit 1952 |
| 18:47 | Create | Unit 1952 |
| 18:47 | Create | Unit 1952 |
| 18:48 | Create | Unit 1952 |
| 18:56 | Research | Bow Saw |
| 19:51 | Research | Ballistics |
| 20:02 | Research | Gillnets |
| 20:16 | Create | Fishing Ship |
| 20:16 | Create | Fishing Ship |
| 20:45 | Research | Gold Shaft Mining |
| 20:50 | Create | Villager (Male) |
| 20:50 | Create | Villager (Male) |
| 20:50 | Create | Villager (Male) |
| 21:51 | Build | House |
| 21:53 | Build | House |
| 22:58 | Build | Town Center |
| 23:26 | Build | House |
| 23:27 | Build | House |
| 23:28 | Build | House |
| 23:29 | Build | House |
| 23:32 | Create | Fishing Ship |
| 23:32 | Create | Fishing Ship |
| 23:32 | Create | Fishing Ship |
| 23:33 | Create | Fishing Ship |
| 23:33 | Create | Fishing Ship |
| 23:33 | Create | Fishing Ship |
| 23:37 | Research | Thumb Ring |
| 23:38 | Create | Unit 1952 |
| 23:39 | Create | Unit 1952 |
| 23:39 | Create | Unit 1952 |
| 25:45 | Build | House |
| 25:47 | Build | House |
| 25:48 | Build | House |
| 25:49 | Build | House |
| 25:51 | Build | House |
| 26:02 | Build | Monastery |
| 26:10 | Build | Lumber Camp |
| 26:39 | Build | Mining Camp |
| 27:08 | Create | Skirmisher |
| 27:08 | Create | Skirmisher |
| 27:08 | Create | Skirmisher |
| 27:08 | Create | Skirmisher |
| 27:09 | Create | Skirmisher |
| 27:09 | Create | Skirmisher |
| 27:09 | Create | Skirmisher |
| 27:09 | Create | Skirmisher |
| 27:09 | Create | Skirmisher |
| 27:27 | Research | Imperial Age |
| 27:41 | Research | Elite Skirmisher (upgrade) |
| 27:54 | Build | Archery Range |
| 28:14 | Research | Treadmill Crane |
| 28:23 | Create | Fishing Ship |
| 28:23 | Create | Fishing Ship |
| 28:24 | Create | Fishing Ship |
| 28:38 | Build | Dock |
| 28:50 | Create | Unit 1952 |
| 28:50 | Create | Unit 1952 |
| 28:50 | Create | Unit 1952 |
| 28:51 | Create | Unit 1952 |
| 28:51 | Create | Unit 1952 |
| 28:51 | Create | Unit 1952 |
| 28:58 | Create | Skirmisher |
| 28:58 | Create | Skirmisher |
| 28:58 | Create | Skirmisher |
| 28:58 | Create | Skirmisher |
| 29:22 | Create | Fishing Ship |
| 29:22 | Create | Fishing Ship |
| 29:59 | Create | Unit 1952 |
| 30:00 | Create | Unit 1952 |
| 30:00 | Create | Unit 1952 |
| 30:00 | Create | Unit 1952 |
| 30:01 | Create | Unit 1952 |
| 30:01 | Create | Unit 1952 |
| 30:38 | Build | House |
| 30:39 | Build | House |
| 30:40 | Build | House |
| 30:41 | Build | House |
| 30:42 | Build | House |
| 31:06 | Research | Leather Archer Armor |
| 31:34 | Research | Parthian Tactics |
| 31:38 | Create | Fishing Ship |
| 31:39 | Create | Fishing Ship |
| 31:39 | Create | Fishing Ship |
Build order — tikymax
First 150 of 237 actions detected
| 0:02 | Create | Villager (Male) |
| 0:02 | Create | Villager (Male) ×4 |
| 0:03 | Build | House |
| 0:04 | Build | House |
| 1:33 | Create | Villager (Male) |
| 1:33 | Create | Villager (Male) |
| 1:49 | Build | Lumber Camp |
| 2:03 | Create | Villager (Male) |
| 2:10 | Create | Villager (Male) |
| 2:51 | Create | Villager (Male) |
| 2:51 | Create | Villager (Male) |
| 3:03 | Build | House |
| 3:04 | Build | House |
| 3:13 | Create | Villager (Male) |
| 3:43 | Create | Villager (Male) |
| 3:44 | Create | Villager (Male) |
| 4:01 | Create | Villager (Male) |
| 4:32 | Create | Villager (Male) |
| 4:56 | Create | Villager (Male) |
| 4:57 | Create | Villager (Male) |
| 5:23 | Create | Villager (Male) |
| 5:30 | Build | Mill |
| 5:47 | Create | Villager (Male) ×2 |
| 5:47 | Create | Villager (Male) ×2 |
| 6:56 | Create | Villager (Male) |
| 6:56 | Create | Villager (Male) |
| 7:15 | Create | Villager (Male) |
| 7:19 | Build | House |
| 7:22 | Create | Villager (Male) |
| 7:39 | Build | Palisade Wall |
| 8:20 | Build | Mining Camp |
| 8:41 | Research | Loom |
| 9:18 | Build | Farm |
| 9:18 | Build | Farm |
| 9:19 | Build | Farm |
| 9:19 | Build | Farm |
| 9:19 | Build | Farm |
| 9:48 | Research | Feudal Age |
| 9:48 | Research | Feudal Age |
| 10:50 | Build | Barracks |
| 11:30 | Build | Palisade Wall |
| 11:57 | Create | Villager (Male) |
| 12:03 | Create | Archer ×5 |
| 12:03 | Create | Archer ×5 |
| 12:18 | Create | Villager (Male) |
| 12:47 | Build | Blacksmith |
| 12:52 | Build | House |
| 12:53 | Build | House |
| 12:55 | Create | Villager (Male) |
| 13:00 | Research | Horse Collar |
| 13:19 | Build | House |
| 13:23 | Research | Double-Bit Axe |
| 13:37 | Create | Villager (Male) |
| 13:42 | Create | Archer |
| 14:01 | Create | Spearman |
| 14:08 | Build | Palisade Wall |
| 14:19 | Build | Palisade Wall |
| 14:43 | Create | Archer |
| 14:45 | Research | Fletching |
| 14:48 | Create | Villager (Male) |
| 14:58 | Build | Palisade Wall |
| 15:12 | Build | Palisade Wall |
| 15:20 | Create | Villager (Male) |
| 15:22 | Create | Archer |
| 15:22 | Create | Archer |
| 15:39 | Create | Villager (Male) |
| 15:41 | Create | Archer |
| 15:51 | Build | Farm |
| 15:58 | Build | Market |
| 16:00 | Create | Archer |
| 16:21 | Create | Archer |
| 16:22 | Create | Villager (Male) |
| 16:24 | Create | Villager (Male) |
| 16:34 | Create | Villager (Male) |
| 16:55 | Build | House |
| 17:10 | Build | Farm |
| 17:13 | Build | House |
| 17:17 | Build | House |
| 17:20 | Build | Farm |
| 17:27 | Create | Villager (Male) |
| 17:39 | Build | House |
| 17:46 | Build | Farm |
| 18:28 | Build | Farm |
| 18:34 | Create | Archer |
| 19:37 | Create | Villager (Male) |
| 19:51 | Create | Villager (Male) |
| 19:55 | Build | Lumber Camp |
| 20:10 | Build | Farm |
| 20:35 | Build | Farm |
| 20:36 | Create | Villager (Male) |
| 20:41 | Create | Archer |
| 20:41 | Create | Archer |
| 21:01 | Create | Villager (Male) |
| 21:07 | Build | Farm |
| 21:39 | Build | Farm |
| 21:40 | Research | Castle Age |
| 21:40 | Research | Castle Age |
| 22:30 | Research | Padded Archer Armor |
| 22:48 | Create | Archer |
| 23:08 | Build | Mill |
| 23:09 | Build | Farm |
| 23:09 | Build | Farm |
| 23:10 | Build | Farm |
| 23:10 | Build | Farm |
| 23:10 | Build | Farm |
| 23:10 | Build | Farm |
| 23:11 | Build | Farm |
| 23:22 | Create | Archer |
| 23:32 | Build | Lumber Camp |
| 23:48 | Build | Palisade Wall |
| 23:51 | Build | Palisade Wall |
| 23:54 | Build | Palisade Wall |
| 24:11 | Build | Palisade Gate |
| 24:15 | Build | House |
| 24:19 | Build | House |
| 24:23 | Research | Crossbowman (upgrade) |
| 24:27 | Build | University |
| 24:33 | Research | Wheelbarrow |
| 24:37 | Research | Bodkin Arrow |
| 24:52 | Create | Villager (Male) |
| 25:16 | Research | Leather Archer Armor |
| 25:25 | Research | Ballistics |
| 25:41 | Create | Villager (Male) |
| 25:42 | Create | Villager (Male) |
| 25:47 | Research | Thumb Ring |
| 25:48 | Research | Thumb Ring |
| 26:10 | Create | Villager (Male) |
| 26:45 | Research | Town Watch |
| 27:22 | Create | Villager (Male) |
| 27:32 | Research | Bow Saw |
| 27:59 | Build | Town Center |
| 28:02 | Create | Villager (Male) |
| 28:06 | Create | Villager (Male) |
| 28:21 | Create | Villager (Male) |
| 28:33 | Research | Stone Mining |
| 28:35 | Research | Gold Mining |
| 28:39 | Build | Mining Camp |
| 28:55 | Create | Villager (Male) |
| 29:04 | Create | Villager (Male) |
| 29:09 | Create | Villager (Male) |
| 29:10 | Create | Villager (Male) |
| 29:24 | Create | Villager (Male) |
| 29:31 | Build | Palisade Wall |
| 29:34 | Create | Villager (Male) |
| 29:38 | Create | Villager (Male) |
| 29:46 | Create | Villager (Male) |
| 29:50 | Create | Villager (Male) |
| 30:01 | Create | Villager (Male) |
| 30:05 | Build | Lumber Camp |
| 30:08 | Create | Villager (Male) |
Build order — PilotePSP
First 150 of 261 actions detected
| 0:09 | Create | Villager (Male) |
| 0:09 | Create | Villager (Male) |
| 0:09 | Create | Villager (Male) |
| 0:10 | Create | Villager (Male) |
| 0:10 | Create | Villager (Male) |
| 0:16 | Build | House |
| 0:43 | Research | Loom |
| 0:44 | Create | Villager (Male) |
| 0:45 | Create | Villager (Male) |
| 0:45 | Create | Villager (Male) |
| 1:24 | Create | Villager (Male) |
| 1:44 | Build | House |
| 2:06 | Create | Villager (Male) |
| 2:07 | Create | Villager (Male) |
| 3:21 | Build | House |
| 3:30 | Build | House |
| 3:34 | Create | Villager (Male) |
| 3:35 | Create | Villager (Male) |
| 3:35 | Create | Villager (Male) |
| 3:35 | Create | Villager (Male) |
| 4:38 | Build | Palisade Wall |
| 5:19 | Create | Villager (Male) |
| 5:19 | Create | Villager (Male) |
| 5:19 | Create | Villager (Male) |
| 5:19 | Create | Villager (Male) |
| 5:20 | Create | Villager (Male) |
| 5:20 | Create | Villager (Male) |
| 5:55 | Build | Lumber Camp |
| 6:01 | Create | Villager (Male) |
| 6:01 | Create | Villager (Male) |
| 6:29 | Build | Palisade Wall |
| 6:31 | Build | Palisade Wall |
| 6:37 | Create | Villager (Male) |
| 6:37 | Create | Villager (Male) |
| 6:39 | Create | Villager (Male) |
| 6:39 | Create | Villager (Male) |
| 7:02 | Create | Villager (Male) |
| 7:03 | Create | Villager (Male) |
| 7:32 | Build | Palisade Wall |
| 7:37 | Create | Villager (Male) |
| 7:38 | Create | Villager (Male) |
| 7:49 | Build | Mill |
| 9:50 | Build | Dock |
| 9:59 | Build | House |
| 10:08 | Build | House |
| 10:19 | Build | Mining Camp |
| 10:32 | Create | Villager (Male) |
| 10:33 | Create | Villager (Male) |
| 11:04 | Build | Farm |
| 11:05 | Build | Farm |
| 11:06 | Build | Farm |
| 11:08 | Build | Farm |
| 11:09 | Build | Farm |
| 11:11 | Build | Farm |
| 11:12 | Build | Farm |
| 11:16 | Create | Villager (Male) |
| 11:16 | Create | Villager (Male) |
| 11:25 | Build | House |
| 12:25 | Build | Farm |
| 12:26 | Build | Farm |
| 12:51 | Build | Palisade Gate |
| 13:17 | Create | Fishing Ship |
| 13:18 | Create | Fishing Ship |
| 13:42 | Research | Feudal Age |
| 14:07 | Build | Outpost |
| 14:20 | Build | House |
| 14:31 | Build | Barracks |
| 15:35 | Create | Fishing Ship |
| 15:35 | Create | Fishing Ship |
| 15:52 | Age | Feudal Age |
| 16:16 | Build | Market |
| 16:27 | Create | Villager (Male) |
| 16:27 | Create | Villager (Male) |
| 16:52 | Build | Archery Range |
| 17:15 | Create | Spearman |
| 17:24 | Build | Lumber Camp |
| 17:35 | Create | Fishing Ship |
| 17:36 | Create | Fishing Ship |
| 17:36 | Create | Fishing Ship |
| 18:06 | Build | House |
| 18:08 | Build | House |
| 18:10 | Build | House |
| 18:41 | Research | Castle Age |
| 18:59 | Create | Skirmisher |
| 18:59 | Create | Skirmisher |
| 19:20 | Build | Outpost |
| 20:01 | Build | Mining Camp |
| 20:34 | Build | Stone Wall |
| 20:57 | Create | Skirmisher |
| 20:57 | Create | Skirmisher |
| 21:13 | Build | Blacksmith |
| 21:19 | Build | House |
| 21:21 | Age | Castle Age |
| 21:23 | Build | House |
| 21:50 | Create | Villager (Male) |
| 21:50 | Create | Villager (Male) |
| 21:51 | Create | Villager (Male) |
| 21:52 | Create | Villager (Male) |
| 21:53 | Create | Villager (Male) |
| 21:53 | Create | Villager (Male) |
| 22:09 | Build | Farm |
| 22:11 | Build | Farm |
| 22:13 | Research | Horse Collar |
| 22:54 | Build | Town Center |
| 23:29 | Build | Castle |
| 23:42 | Research | Fletching |
| 23:53 | Research | Double-Bit Axe |
| 24:24 | Build | Monastery |
| 24:57 | Build | Lumber Camp |
| 25:04 | Research | Bow Saw |
| 25:08 | Research | Town Watch |
| 25:09 | Create | Villager (Male) |
| 25:09 | Create | Villager (Male) |
| 25:10 | Create | Villager (Male) |
| 25:10 | Create | Villager (Male) |
| 25:10 | Create | Villager (Male) |
| 25:19 | Create | Villager (Male) |
| 25:19 | Create | Villager (Male) |
| 25:19 | Create | Villager (Male) |
| 25:21 | Create | Villager (Male) |
| 25:21 | Create | Villager (Male) |
| 25:45 | Build | Dock |
| 25:54 | Build | House |
| 25:56 | Build | House |
| 25:59 | Build | House |
| 26:02 | Build | House |
| 26:11 | Create | Monk |
| 26:36 | Research | Elite Skirmisher (upgrade) |
| 26:55 | Create | Villager (Male) |
| 26:58 | Research | Wheelbarrow |
| 27:06 | Create | Fishing Ship |
| 27:07 | Create | Fishing Ship |
| 27:18 | Build | Stone Wall |
| 27:27 | Research | Bodkin Arrow |
| 28:30 | Build | Gate |
| 28:40 | Build | Stone Wall |
| 28:48 | Build | Stone Wall |
| 28:59 | Create | Villager (Male) |
| 28:59 | Create | Villager (Male) |
| 28:59 | Create | Villager (Male) |
| 29:00 | Create | Villager (Male) |
| 29:02 | Create | Villager (Male) |
| 29:12 | Build | Farm |
| 29:13 | Build | Farm |
| 29:16 | Build | Farm |
| 29:16 | Build | Farm |
| 29:17 | Build | Farm |
| 29:19 | Build | Farm |
| 29:23 | Create | Villager (Male) |
| 29:23 | Create | Villager (Male) |
Build order — 给爷爷挠痒呢?
First 150 of 409 actions detected
| 0:06 | Create | Villager (Male) |
| 0:06 | Create | Villager (Male) |
| 0:07 | Build | House |
| 0:08 | Build | House |
| 0:32 | Create | Villager (Male) |
| 0:32 | Create | Villager (Male) |
| 0:33 | Create | Villager (Male) |
| 1:49 | Create | Villager (Male) |
| 1:50 | Create | Villager (Male) |
| 2:07 | Create | Villager (Male) |
| 2:07 | Create | Villager (Male) |
| 2:07 | Create | Villager (Male) |
| 2:20 | Create | Villager (Male) |
| 2:20 | Create | Villager (Male) |
| 3:08 | Create | Villager (Male) |
| 3:09 | Create | Villager (Male) |
| 3:09 | Create | Villager (Male) |
| 3:18 | Create | Villager (Male) |
| 3:18 | Create | Villager (Male) |
| 3:38 | Create | Villager (Male) |
| 3:38 | Create | Villager (Male) |
| 3:56 | Build | House |
| 3:57 | Create | Villager (Male) |
| 3:58 | Create | Villager (Male) |
| 4:12 | Create | Villager (Male) |
| 4:12 | Create | Villager (Male) |
| 4:13 | Create | Villager (Male) |
| 4:30 | Create | Villager (Male) |
| 4:30 | Create | Villager (Male) |
| 4:49 | Create | Villager (Male) |
| 4:49 | Create | Villager (Male) |
| 5:09 | Create | Villager (Male) |
| 5:09 | Create | Villager (Male) |
| 5:09 | Create | Villager (Male) |
| 5:47 | Build | Lumber Camp |
| 5:57 | Build | House |
| 6:37 | Build | Mill |
| 7:10 | Build | Mill |
| 7:20 | Create | Villager (Male) |
| 8:16 | Create | Villager (Male) |
| 8:18 | Build | House |
| 8:20 | Build | House |
| 8:21 | Build | House |
| 8:45 | Create | Villager (Male) |
| 8:50 | Build | Farm |
| 9:03 | Build | Farm |
| 9:04 | Build | Farm |
| 9:05 | Build | Farm |
| 9:06 | Build | Farm |
| 9:14 | Build | Farm |
| 9:15 | Create | Villager (Male) |
| 9:22 | Build | Farm |
| 9:27 | Build | Farm |
| 9:31 | Create | Villager (Male) |
| 9:48 | Build | Farm |
| 10:12 | Build | Farm |
| 10:13 | Create | Villager (Male) |
| 10:18 | Build | Farm |
| 10:55 | Build | Farm |
| 10:57 | Create | Villager (Male) |
| 11:03 | Build | Farm |
| 11:09 | Build | Farm |
| 11:13 | Research | Feudal Age |
| 11:13 | Research | Feudal Age |
| 11:14 | Research | Feudal Age |
| 11:34 | Build | Farm |
| 11:37 | Create | Villager (Male) |
| 11:58 | Create | Villager (Male) |
| 12:25 | Build | Mining Camp |
| 12:46 | Build | Farm |
| 12:48 | Build | Farm |
| 13:15 | Create | Villager (Male) |
| 13:15 | Create | Villager (Male) |
| 13:32 | Age | Feudal Age |
| 13:40 | Research | Double-Bit Axe |
| 13:40 | Research | Double-Bit Axe |
| 13:40 | Research | Double-Bit Axe |
| 14:56 | Build | House |
| 14:59 | Build | House |
| 15:05 | Create | Villager (Male) |
| 15:12 | Build | Blacksmith |
| 15:19 | Build | Farm |
| 15:38 | Research | Castle Age |
| 15:38 | Research | Castle Age |
| 16:01 | Build | Mining Camp |
| 16:19 | Research | Stone Mining |
| 16:19 | Research | Stone Mining |
| 16:41 | Research | Horse Collar |
| 16:42 | Research | Horse Collar |
| 17:00 | Build | Farm |
| 17:00 | Build | Farm |
| 17:01 | Build | Farm |
| 18:18 | Age | Castle Age |
| 18:24 | Create | Villager (Male) |
| 18:24 | Create | Villager (Male) |
| 18:27 | Research | Stone Shaft Mining |
| 18:35 | Research | Bow Saw |
| 18:35 | Research | Bow Saw |
| 18:36 | Research | Bow Saw |
| 18:39 | Create | Villager (Male) |
| 18:40 | Create | Villager (Male) |
| 19:18 | Build | Castle |
| 19:26 | Create | Villager (Male) |
| 19:26 | Create | Villager (Male) |
| 19:58 | Build | Town Center |
| 20:11 | Create | Villager (Male) |
| 20:12 | Create | Villager (Male) |
| 20:23 | Create | Conquistador |
| 20:23 | Create | Conquistador |
| 20:23 | Create | Conquistador |
| 20:23 | Create | Conquistador |
| 20:24 | Create | Conquistador |
| 20:28 | Build | Lumber Camp |
| 20:41 | Build | Farm |
| 20:46 | Build | Farm |
| 21:10 | Create | Villager (Male) |
| 21:10 | Create | Villager (Male) |
| 21:10 | Create | Villager (Male) |
| 21:11 | Create | Villager (Male) |
| 21:12 | Create | Villager (Male) |
| 21:12 | Create | Villager (Male) |
| 21:15 | Build | Farm |
| 21:17 | Build | Farm |
| 21:18 | Build | Farm |
| 21:19 | Build | Farm |
| 21:21 | Build | Farm |
| 21:22 | Build | Farm |
| 21:40 | Create | Villager (Male) |
| 21:42 | Create | Villager (Male) |
| 21:42 | Create | Villager (Male) |
| 22:38 | Create | Villager (Male) |
| 22:38 | Create | Villager (Male) |
| 22:38 | Create | Villager (Male) |
| 23:03 | Create | Conquistador |
| 23:15 | Build | Farm |
| 23:16 | Build | Farm |
| 23:17 | Build | Farm |
| 23:18 | Create | Villager (Male) |
| 23:33 | Create | Conquistador |
| 23:34 | Create | Conquistador |
| 23:42 | Create | Villager (Male) |
| 23:42 | Create | Villager (Male) |
| 24:01 | Create | Villager (Male) |
| 24:01 | Create | Villager (Male) |
| 24:05 | Create | Villager (Male) |
| 24:06 | Create | Villager (Male) |
| 24:08 | Research | Gold Mining |
| 24:12 | Research | Stone Shaft Mining |
| 24:13 | Research | Stone Shaft Mining |
| 24:19 | Research | Heavy Plow |
Build order — contact
First 150 of 307 actions detected
| 0:02 | Create | Villager (Male) |
| 0:02 | Create | Villager (Male) |
| 0:05 | Build | House |
| 0:09 | Create | Villager (Male) |
| 0:25 | Create | Villager (Male) |
| 1:42 | Create | Villager (Male) |
| 1:45 | Build | House |
| 1:51 | Build | Palisade Wall |
| 2:13 | Create | Villager (Male) |
| 3:02 | Create | Villager (Male) |
| 3:30 | Create | Villager (Male) |
| 3:44 | Create | Villager (Male) |
| 3:49 | Build | Lumber Camp |
| 4:17 | Build | House |
| 4:22 | Create | Villager (Male) |
| 4:45 | Create | Villager (Male) |
| 5:04 | Create | Villager (Male) |
| 5:13 | Build | Mill |
| 5:25 | Create | Villager (Male) |
| 5:52 | Build | House |
| 5:59 | Build | Palisade Wall |
| 6:05 | Create | Villager (Male) |
| 6:12 | Create | Villager (Male) |
| 6:53 | Create | Villager (Male) |
| 7:19 | Build | Farm |
| 7:21 | Build | Farm |
| 7:22 | Create | Villager (Male) |
| 7:46 | Create | Villager (Male) |
| 7:46 | Research | Loom |
| 7:54 | Build | Mining Camp |
| 8:15 | Build | Farm |
| 8:48 | Create | Villager (Male) |
| 8:55 | Build | Farm |
| 9:16 | Create | Villager (Male) |
| 9:24 | Build | House |
| 9:31 | Build | Palisade Gate |
| 9:33 | Build | Palisade Wall |
| 9:46 | Build | Farm |
| 10:06 | Research | Feudal Age |
| 10:18 | Build | Palisade Wall |
| 10:23 | Build | Palisade Wall |
| 11:20 | Build | Barracks |
| 11:24 | Build | Palisade Wall |
| 11:52 | Create | Villager (Male) |
| 11:52 | Create | Villager (Male) |
| 12:16 | Age | Feudal Age |
| 12:28 | Build | Market |
| 12:48 | Build | Blacksmith |
| 12:51 | Create | Villager (Male) |
| 13:39 | Create | Villager (Male) |
| 13:47 | Create | Spearman |
| 14:18 | Create | Villager (Male) |
| 14:27 | Build | Palisade Wall |
| 14:31 | Build | Farm |
| 14:36 | Research | Castle Age |
| 15:01 | Build | Mining Camp |
| 15:19 | Build | House |
| 16:01 | Build | Stable |
| 16:20 | Research | Scale Barding Armor |
| 16:27 | Research | Horse Collar |
| 16:33 | Create | Villager (Male) |
| 17:19 | Create | Spearman |
| 17:23 | Age | Castle Age |
| 17:25 | Create | Knight |
| 17:28 | Create | Skirmisher |
| 17:29 | Create | Skirmisher |
| 17:56 | Build | Siege Workshop |
| 18:13 | Create | Villager (Male) |
| 18:24 | Create | Mangonel |
| 18:36 | Build | House |
| 19:01 | Create | Villager (Male) |
| 19:37 | Create | Villager (Male) |
| 19:39 | Create | Villager (Male) |
| 19:40 | Create | Villager (Male) |
| 20:30 | Create | Villager (Male) |
| 20:55 | Build | Castle |
| 21:21 | Create | Villager (Male) |
| 21:21 | Create | Villager (Male) |
| 21:25 | Build | Monastery |
| 21:46 | Create | Mangonel |
| 21:48 | Create | Villager (Male) |
| 21:49 | Create | Villager (Male) |
| 22:26 | Create | Villager (Male) |
| 22:26 | Create | Villager (Male) |
| 22:38 | Create | Monk |
| 22:55 | Create | Villager (Male) |
| 22:56 | Create | Villager (Male) |
| 23:23 | Build | Town Center |
| 23:30 | Build | Lumber Camp |
| 23:41 | Create | Villager (Male) |
| 23:41 | Create | Villager (Male) |
| 24:06 | Create | Villager (Male) |
| 24:27 | Build | Farm |
| 24:36 | Build | Farm |
| 24:42 | Research | Stone Mining |
| 25:05 | Build | Farm |
| 25:11 | Build | Farm |
| 25:15 | Build | Farm |
| 25:16 | Create | Villager (Male) |
| 25:21 | Build | Farm |
| 25:27 | Create | Mangonel |
| 25:50 | Build | Mining Camp |
| 25:56 | Create | Villager (Male) |
| 25:57 | Create | Villager (Male) |
| 25:59 | Build | Farm |
| 26:24 | Build | Castle |
| 26:32 | Create | Villager (Male) |
| 26:32 | Create | Villager (Male) |
| 26:33 | Create | Villager (Male) |
| 26:48 | Build | Farm |
| 26:51 | Research | Gold Mining |
| 27:02 | Create | Villager (Male) |
| 27:15 | Research | Fletching |
| 27:32 | Build | Town Center |
| 27:40 | Create | Villager (Male) |
| 27:40 | Create | Villager (Male) |
| 27:48 | Create | Skirmisher |
| 27:48 | Create | Skirmisher |
| 28:07 | Create | Villager (Male) |
| 28:34 | Build | Farm |
| 28:36 | Create | Villager (Male) |
| 28:43 | Create | Skirmisher |
| 28:43 | Create | Skirmisher |
| 28:46 | Create | Villager (Male) |
| 28:46 | Create | Villager (Male) |
| 29:02 | Create | Villager (Male) |
| 29:10 | Build | Farm |
| 29:11 | Build | Farm |
| 29:18 | Build | Farm |
| 29:20 | Build | Farm |
| 29:24 | Build | Farm |
| 29:26 | Create | Villager (Male) |
| 29:30 | Build | Farm |
| 29:33 | Build | Farm |
| 29:39 | Build | Archery Range |
| 29:43 | Create | Villager (Male) |
| 29:49 | Research | Wheelbarrow |
| 30:02 | Create | Monk |
| 30:08 | Create | Skirmisher |
| 30:08 | Create | Skirmisher |
| 30:16 | Create | Villager (Male) |
| 30:17 | Create | Villager (Male) |
| 30:22 | Build | Farm |
| 30:37 | Create | Villager (Male) |
| 30:41 | Create | Villager (Male) |
| 30:51 | Create | Villager (Male) |
| 30:51 | Create | Villager (Male) |
| 30:54 | Build | House |
| 30:55 | Build | House |
| 30:55 | Build | House |
Build order — LeeFvn
First 150 of 365 actions detected
| 0:01 | Create | Villager (Male) |
| 0:02 | Create | Villager (Male) |
| 0:02 | Create | Villager (Male) |
| 0:03 | Build | House |
| 0:20 | Create | Villager (Male) |
| 0:20 | Create | Villager (Male) |
| 0:48 | Build | House |
| 0:50 | Build | House |
| 0:51 | Build | House |
| 1:46 | Create | Villager (Male) |
| 1:46 | Create | Villager (Male) |
| 2:01 | Build | House |
| 2:03 | Build | House |
| 2:05 | Build | House |
| 2:12 | Create | Villager (Male) |
| 2:34 | Research | Loom |
| 2:42 | Create | Villager (Male) |
| 2:43 | Create | Villager (Male) |
| 2:52 | Create | Villager (Male) |
| 3:08 | Create | Villager (Male) |
| 3:35 | Create | Villager (Male) |
| 3:56 | Create | Villager (Male) |
| 4:29 | Build | Lumber Camp |
| 4:32 | Create | Villager (Male) |
| 4:33 | Create | Villager (Male) |
| 5:27 | Create | Villager (Male) |
| 6:43 | Build | Mill |
| 6:59 | Create | Villager (Male) |
| 6:59 | Create | Villager (Male) |
| 7:01 | Create | Villager (Male) |
| 7:15 | Build | Dock |
| 7:55 | Create | Villager (Male) |
| 8:00 | Create | Fishing Ship |
| 8:20 | Build | Mining Camp |
| 8:36 | Create | Villager (Male) |
| 8:55 | Create | Villager (Male) |
| 8:59 | Create | Fishing Ship |
| 9:12 | Build | Mining Camp |
| 9:16 | Create | Villager (Male) |
| 9:25 | Create | Fishing Ship |
| 9:53 | Build | House |
| 9:57 | Build | House |
| 10:33 | Create | Villager (Male) |
| 10:41 | Create | Fishing Ship |
| 10:44 | Create | Fishing Ship |
| 11:17 | Create | Fishing Ship |
| 11:39 | Build | Barracks |
| 11:44 | Research | Feudal Age |
| 12:00 | Create | Fishing Ship |
| 12:41 | Create | Villager (Male) |
| 13:48 | Create | Villager (Male) |
| 13:54 | Age | Feudal Age |
| 13:57 | Build | Blacksmith |
| 14:09 | Build | Market |
| 14:24 | Create | Villager (Male) |
| 14:32 | Build | Farm |
| 14:32 | Build | Farm |
| 14:32 | Build | Farm |
| 14:33 | Build | Farm |
| 14:34 | Build | Farm |
| 14:36 | Research | Horse Collar |
| 14:55 | Build | Farm |
| 14:59 | Build | Farm |
| 14:59 | Build | Farm |
| 14:59 | Build | Farm |
| 15:00 | Build | Farm |
| 15:01 | Build | Farm |
| 15:12 | Build | Mining Camp |
| 15:15 | Create | Villager (Male) |
| 15:16 | Create | Villager (Male) |
| 15:16 | Create | Villager (Male) |
| 15:31 | Research | Tech 906 |
| 15:40 | Build | House |
| 15:43 | Build | House |
| 16:08 | Create | Fishing Ship |
| 16:38 | Research | Castle Age |
| 17:10 | Create | Transport Ship |
| 17:54 | Research | Double-Bit Axe |
| 18:31 | Research | Gold Mining |
| 18:46 | Build | House |
| 18:48 | Build | House |
| 18:49 | Build | House |
| 19:02 | Research | Wheelbarrow |
| 19:18 | Age | Castle Age |
| 19:39 | Create | Villager (Male) |
| 19:53 | Build | Town Center |
| 20:27 | Create | Villager (Male) |
| 20:27 | Create | Villager (Male) |
| 21:12 | Create | Villager (Male) |
| 21:13 | Create | Villager (Male) |
| 21:13 | Create | Villager (Male) |
| 21:37 | Build | Town Center |
| 22:13 | Build | Castle |
| 22:45 | Create | Villager (Male) |
| 22:45 | Create | Villager (Male) |
| 22:49 | Research | Hand Cart |
| 23:04 | Build | Mining Camp |
| 23:37 | Research | Gillnets |
| 23:43 | Create | Villager (Male) |
| 23:44 | Create | Villager (Male) |
| 23:44 | Create | Villager (Male) |
| 23:45 | Create | Villager (Male) |
| 23:53 | Create | Villager (Male) |
| 23:53 | Create | Villager (Male) |
| 23:53 | Create | Villager (Male) |
| 23:55 | Create | Villager (Male) |
| 24:05 | Build | Farm |
| 24:08 | Create | Villager (Male) |
| 24:22 | Build | Fish Trap |
| 24:26 | Build | Fish Trap |
| 24:30 | Build | Fish Trap |
| 24:35 | Build | Farm |
| 24:44 | Build | Farm |
| 24:47 | Create | Villager (Male) |
| 24:47 | Create | Villager (Male) |
| 24:55 | Create | Villager (Male) |
| 24:55 | Create | Villager (Male) |
| 24:56 | Create | Villager (Male) |
| 24:56 | Create | Villager (Male) |
| 24:57 | Create | Villager (Male) |
| 25:18 | Create | Fire Galley |
| 25:24 | Create | Galley |
| 25:36 | Create | Villager (Male) |
| 25:36 | Create | Villager (Male) |
| 25:42 | Create | Villager (Male) |
| 25:42 | Create | Villager (Male) |
| 25:47 | Create | Villager (Male) |
| 25:53 | Build | Mining Camp |
| 25:57 | Create | Villager (Male) |
| 25:57 | Create | Villager (Male) |
| 26:15 | Create | Villager (Male) |
| 26:23 | Create | Villager (Male) |
| 26:29 | Build | Fish Trap |
| 26:30 | Build | Fish Trap |
| 26:59 | Create | Villager (Male) |
| 26:59 | Create | Villager (Male) |
| 27:00 | Create | Villager (Male) |
| 27:03 | Create | Villager (Male) |
| 27:03 | Create | Villager (Male) |
| 27:55 | Build | Siege Workshop |
| 28:06 | Create | Villager (Male) |
| 28:06 | Create | Villager (Male) |
| 28:09 | Create | Villager (Male) |
| 28:09 | Create | Villager (Male) |
| 28:10 | Create | Villager (Male) |
| 28:12 | Research | Gold Shaft Mining |
| 28:19 | Research | Heavy Plow |
| 28:37 | Create | Fire Galley |
| 28:37 | Create | Fire Galley |
| 28:38 | Create | Fire Galley |
Match timeline
| 1:51 | contact · wall_segment Palisade Wall x1 |
| 4:26 | Lxgacy[FR] · first_building Dock |
| 4:38 | PilotePSP · wall_segment Palisade Wall x6 |
| 5:59 | contact · wall_segment Palisade Wall x15 |
| 6:29 | PilotePSP · wall_segment Palisade Wall x6 |
| 6:31 | PilotePSP · wall_segment Palisade Wall x4 |
| 7:03 | cuffneyj · first_building Dock |
| 7:15 | LeeFvn · first_building Dock |
| 7:32 | PilotePSP · wall_segment Palisade Wall x13 |
| 7:39 | tikymax · wall_segment Palisade Wall x1 |
| 9:33 | contact · wall_segment Palisade Wall x1 |
| 9:50 | PilotePSP · first_building Dock |
| 10:18 | contact · wall_segment Palisade Wall x2 |
| 10:23 | contact · wall_segment Palisade Wall x3 |
| 10:41 | cuffneyj · wall_segment Palisade Wall x1 |
| 10:50 | tikymax · first_building Barracks |
| 11:20 | contact · first_building Barracks |
| 11:24 | contact · wall_segment Palisade Wall x1 |
| 11:30 | tikymax · wall_segment Palisade Wall x1 |
| 11:34 | xNFTxLethalZGT · first_building Dock |
| 11:39 | LeeFvn · first_building Barracks |
| 12:11 | cuffneyj · age_up feudal |
| 12:12 | Lxgacy[FR] · age_up feudal |
| 12:16 | contact · age_up feudal |
| 13:32 | 给爷爷挠痒呢? · age_up feudal |
| 13:54 | LeeFvn · age_up feudal |
| 14:08 | tikymax · wall_segment Palisade Wall x1 |
| 14:19 | xNFTxLethalZGT · first_building Barracks |
| 14:19 | tikymax · wall_segment Palisade Wall x1 |
| 14:25 | xNFTxLethalZGT · first_market_buy 100 food |
| 14:27 | contact · wall_segment Palisade Wall x1 |
| 14:29 | cuffneyj · first_building Barracks |
| 14:31 | PilotePSP · first_building Barracks |
| 14:58 | tikymax · wall_segment Palisade Wall x1 |
| 15:07 | Lxgacy[FR] · wall_segment Palisade Wall x15 |
| 15:12 | tikymax · wall_segment Palisade Wall x1 |
| 15:41 | Lxgacy[FR] · age_up castle |
| 15:45 | xNFTxLethalZGT · first_market_sell 100 wood |
| 15:52 | PilotePSP · age_up feudal |
| 16:01 | contact · first_building Stable |
| 16:32 | cuffneyj · wall_segment Stone Wall x16 |
| 16:36 | LeeFvn · first_market_buy 100 food |
| 16:46 | Lxgacy[FR] · first_building Barracks |
| 16:52 | PilotePSP · first_building Archery Range |
| 16:53 | cuffneyj · age_up castle |
| 17:23 | contact · age_up castle |
| 17:30 | Lxgacy[FR] · first_building Stable |
| 17:56 | contact · first_building Siege Workshop |
| 18:18 | 给爷爷挠痒呢? · age_up castle |
| 19:02 | Lxgacy[FR] · first_building Castle |
| 19:18 | LeeFvn · age_up castle |
| 19:18 | 给爷爷挠痒呢? · first_building Castle |
| 20:34 | PilotePSP · wall_segment Stone Wall x6 |
| 20:55 | contact · first_building Castle |
| 21:21 | PilotePSP · age_up castle |
| 21:25 | contact · first_building Monastery |
| 22:02 | PilotePSP · first_market_buy 100 wood |
| 22:13 | LeeFvn · first_building Castle |
| 22:19 | PilotePSP · first_market_sell 100 stone |
| 23:29 | PilotePSP · first_building Castle |
| 23:48 | tikymax · wall_segment Palisade Wall x9 |
| 23:51 | tikymax · wall_segment Palisade Wall x22 |
| 23:54 | tikymax · wall_segment Palisade Wall x15 |
| 24:02 | cuffneyj · first_building Castle |
| 24:24 | PilotePSP · first_building Monastery |
| 25:44 | Lxgacy[FR] · first_market_buy 100 food |
| 26:02 | xNFTxLethalZGT · first_building Monastery |
| 26:18 | cuffneyj · first_market_buy 100 stone |
| 26:21 | cuffneyj · first_market_sell 100 wood |
| 27:18 | PilotePSP · wall_segment Stone Wall x1 |
| 27:31 | 给爷爷挠痒呢? · first_building Monastery |
| 27:54 | xNFTxLethalZGT · first_building Archery Range |
| 27:55 | LeeFvn · first_building Siege Workshop |
| 28:40 | PilotePSP · wall_segment Stone Wall x3 |
| 28:48 | PilotePSP · wall_segment Stone Wall x10 |
| 29:14 | 给爷爷挠痒呢? · wall_segment Palisade Wall x9 |
| 29:18 | cuffneyj · first_building Siege Workshop |
| 29:31 | tikymax · wall_segment Palisade Wall x1 |
| 29:39 | contact · first_building Archery Range |
| 31:03 | cuffneyj · first_building Stable |
| 31:03 | tikymax · first_building Monastery |
| 31:40 | Lxgacy[FR] · first_building Monastery |
| 31:44 | LeeFvn · first_building Stable |
| 33:05 | cuffneyj · age_up imperial |
| 33:16 | Lxgacy[FR] · age_up imperial |
| 33:20 | tikymax · first_building Castle |
| 34:43 | 给爷爷挠痒呢? · age_up imperial |
| 34:46 | tikymax · wall_segment Palisade Wall x1 |
| 35:48 | tikymax · wall_segment Palisade Wall x1 |
| 36:40 | PilotePSP · wall_segment Stone Wall x7 |
| 37:15 | tikymax · wall_segment Palisade Wall x1 |
| 37:20 | PilotePSP · first_building Siege Workshop |
| 37:25 | tikymax · first_building Archery Range |
| 37:34 | xNFTxLethalZGT · first_building Castle |
| 37:49 | contact · age_up imperial |
| 38:36 | PilotePSP · age_up imperial |
| 38:54 | tikymax · first_building Siege Workshop |
| 39:19 | PilotePSP · wall_segment Stone Wall x1 |
| 40:57 | PilotePSP · tribute_sent a jugador 1 |
| 40:57 | PilotePSP · tribute_sent a jugador 2 |
| 40:57 | PilotePSP · tribute_sent a jugador 3 |
| 40:57 | PilotePSP · tribute_sent a jugador 4 |
| 40:57 | PilotePSP · tribute_sent a jugador 6 |
| 40:57 | PilotePSP · tribute_sent a jugador 7 |
| 40:57 | PilotePSP · tribute_sent a jugador 8 |
| 41:00 | Lxgacy[FR] · tribute_sent a jugador 2 |
| 41:00 | Lxgacy[FR] · tribute_sent a jugador 3 |
| 41:00 | Lxgacy[FR] · tribute_sent a jugador 4 |
| 41:00 | Lxgacy[FR] · tribute_sent a jugador 5 |
| 41:00 | Lxgacy[FR] · tribute_sent a jugador 6 |
| 41:00 | Lxgacy[FR] · tribute_sent a jugador 7 |
| 41:00 | Lxgacy[FR] · tribute_sent a jugador 8 |
| 41:23 | LeeFvn · first_market_sell 500 food |
| 41:32 | LeeFvn · age_up imperial |
| 42:37 | tikymax · resign |
| 43:32 | PilotePSP · first_building Stable |
| 44:10 | 给爷爷挠痒呢? · first_market_buy 100 stone |
| 44:51 | Lxgacy[FR] · tribute_sent a jugador 2 |
| 44:51 | Lxgacy[FR] · tribute_sent a jugador 3 |
| 44:51 | Lxgacy[FR] · tribute_sent a jugador 4 |
| 44:51 | Lxgacy[FR] · tribute_sent a jugador 5 |
| 44:51 | Lxgacy[FR] · tribute_sent a jugador 6 |
| 44:51 | Lxgacy[FR] · tribute_sent a jugador 7 |
| 44:51 | Lxgacy[FR] · tribute_sent a jugador 8 |
| 45:44 | contact · first_market_sell 500 food |
| 45:46 | contact · first_market_buy 500 wood |
| 46:45 | Lxgacy[FR] · first_market_sell 500 stone |
| 50:30 | LeeFvn · first_building Monastery |
[ AI ANALYSIS · 1 CREDIT ]
What really happened in this match?
Wolo.gg analyzes every decision: build order, eco, micro, common mistakes by bracket. Personalized analysis on WhatsApp or Discord in 30 seconds.
Civ guide
Saracens
Map guide
MegaRandom
Perfil
cuffneyj